| TOP OF THE 1ST |
|
Seattle (APP) Mariners batting - Pitching for Boston (APP) Red Sox : LHP Ryan Davis
|
|
Pitching: LHP Ryan Davis
|
|
|
Batting: RHB Carlton McDonald
|
0-0: Foul Ball, location: 2F 0-1: Ball 1-1: Foul Ball, location: 2F 1-2: Ground out 4-3 (Groundball, 4, EV 86.2 MPH)
|
|
Batting: RHB Caleb Dean
|
0-0: Ball 1-0: Ball 2-0: Called Strike 2-1: Ball 3-1: Base on Balls
|
|
Batting: RHB Ross Hallock
|
0-0: Ball 1-0: Ball 2-0: Foul Ball, location: 2F 2-1: Called Strike 2-2: Fly out, F8 (Flyball, 8LD, EV 86.9 MPH)
|
|
Batting: RHB Rich Griffith
|
0-0: Reaches on Catchers interference Caleb Dean to second
|
|
Batting: RHB Eddie Luna
|
0-0: Ball 1-0: Ground out 4-3 (Groundball, 4, EV 84.4 MPH)
|
| Top of the 1st over - 0 runs, 0 hits, 1 error, 2 left on base; Seattle (APP) 0 - Boston (APP) 0 |
| BOTTOM OF THE 1ST |
|
Boston (APP) Red Sox batting - Pitching for Seattle (APP) Mariners : LHP Mike Roberts
|
|
Pitching: LHP Mike Roberts
|
|
|
Batting: RHB Estevan Carrillo
|
0-0: Fly out, F9 (Flyball, 9, EV 90.6 MPH)
|
|
Batting: RHB Bob Reichley
|
0-0: Foul Ball, location: 2F 0-1: Ball 1-1: Foul Ball, location: 2F 1-2: SINGLE (Groundball, 4MD, EV 103.8 MPH)
|
|
Batting: RHB Felix Rangel
|
0-0: Ground out 6-3 (Groundball, 56, EV 103.1 MPH) Bob Reichley to second
|
|
Batting: RHB Kirk Cully
|
0-0: Ball 1-0: Foul Ball, location: 2F 1-1: Swinging Strike 1-2: Ball 2-2: Ground out 5-3 (Groundball, 56, EV 106.2 MPH)
|
| Bottom of the 1st over - 0 runs, 1 hit, 0 errors, 1 left on base; Seattle (APP) 0 - Boston (APP) 0 |
| TOP OF THE 2ND |
|
Seattle (APP) Mariners batting - Pitching for Boston (APP) Red Sox : LHP Ryan Davis
|
|
Batting: LHB Yoshihisa Kobayashi
|
0-0: Ball 1-0: Foul Ball, location: 2F 1-1: Ball 2-1: Ball 3-1: Foul Ball, location: 2F 3-2: Foul Ball, location: 2F 3-2: Ground out U3 (Groundball, 34, EV 80.6 MPH)
|
|
Batting: RHB Steve Carmichael
|
0-0: Foul Ball, location: 2F 0-1: Ball 1-1: Ball 2-1: Swinging Strike 2-2: Ball 3-2: Base on Balls
|
|
Batting: LHB Garrett Dodge
|
0-0: Ball 1-0: Ball 2-0: Fly out, F7 (Flyball, 7D, EV 105.0 MPH)
|
|
Batting: RHB Tristan Martin
|
0-0: Ball 1-0: Called Strike 1-1: Called Strike 1-2: Foul Ball, location: 2F 1-2: Foul Ball, location: 2LF, Error on foul ball, E2 1-2: SINGLE (Groundball, 6D, EV 110.6 MPH) Steve Carmichael to second Runner from 2nd tries for 3rd, OUT after rundown.
|
| Top of the 2nd over - 0 runs, 1 hit, 1 error, 1 left on base; Seattle (APP) 0 - Boston (APP) 0 |
| BOTTOM OF THE 2ND |
|
Boston (APP) Red Sox batting - Pitching for Seattle (APP) Mariners : LHP Mike Roberts
|
|
Batting: RHB Chris Zubia
|
0-0: Ball 1-0: Swinging Strike 1-1: Swinging Strike 1-2: Foul Ball, location: 2F 1-2: Strikes out swinging
|
|
Batting: RHB Ryan Davis
|
0-0: Ball 1-0: Called Strike 1-1: Foul Ball, location: 2F 1-2: Strikes out swinging
|
|
Batting: RHB Luis Nino
|
0-0: Ball 1-0: Swinging Strike 1-1: Ball 2-1: Foul Ball, location: 2F 2-2: Ball 3-2: Ground out 3-1 (Groundball, 34S, EV 93.1 MPH)
|
| Bottom of the 2nd over - 0 runs, 0 hits, 0 errors, 0 left on base; Seattle (APP) 0 - Boston (APP) 0 |
| TOP OF THE 3RD |
|
Seattle (APP) Mariners batting - Pitching for Boston (APP) Red Sox : LHP Ryan Davis
|
|
Batting: RHB Carlton McDonald
|
0-0: Ball 1-0: Foul Ball, location: 2F 1-1: Ball 2-1: Foul Ball, location: 2F 2-2: Foul Ball, location: 2F 2-2: Foul Ball, location: 2F 2-2: Foul Ball, location: 2F 2-2: Foul Ball, location: 2F 2-2: Foul Ball, location: 2F 2-2: Ball 3-2: Ground out 6-3 (Groundball, 56, EV 85.6 MPH)
|
|
Batting: RHB Caleb Dean
|
0-0: Ball 1-0: Called Strike 1-1: Foul Ball, location: 2F 1-2: Ground out U3 (Groundball, 13, EV 93.1 MPH)
|
|
Batting: RHB Ross Hallock
|
0-0: Ball 1-0: Ball 2-0: Foul Ball, location: 2F 2-1: SOLO HOME RUN (Flyball, 78XD, EV 104.4 MPH), Distance : 424 ft
|
|
Batting: RHB Rich Griffith
|
0-0: Called Strike 0-1: Foul Ball, location: 2F 0-2: Foul Ball, location: 2F 0-2: Ball 1-2: TRIPLE (Line Drive, 78XD, EV 100.0 MPH)
|
|
Batting: RHB Eddie Luna
|
0-0: Ball 1-0: Fly out, F7 (Flyball, 78S, EV 88.8 MPH)
|
| Top of the 3rd over - 1 run, 2 hits, 0 errors, 1 left on base; Seattle (APP) 1 - Boston (APP) 0 |
| BOTTOM OF THE 3RD |
|
Boston (APP) Red Sox batting - Pitching for Seattle (APP) Mariners : LHP Mike Roberts
|
|
Batting: RHB Mo Tsang
|
0-0: Fly out, F8 (Flyball, 8LD, EV 91.2 MPH)
|
|
Batting: LHB Kenny Jackson
|
0-0: Called Strike 0-1: Ball 1-1: Ball 2-1: Foul Ball, location: 2F 2-2: Hit by Pitch
|
|
Batting: RHB Estevan Carrillo
|
0-0: Fly out, F8 (Flyball, 89S, EV 85.0 MPH)
|
|
Batting: RHB Bob Reichley
|
0-0: Ball 1-0: Ball 2-0: DOUBLE (Line Drive, 89D, EV 106.2 MPH) Kenny Jackson to third
|
|
Batting: RHB Felix Rangel
|
0-0: Ball 1-0: Fly out, F3 (Popup, 3L, EV 70.6 MPH)
|
| Bottom of the 3rd over - 0 runs, 1 hit, 0 errors, 2 left on base; Seattle (APP) 1 - Boston (APP) 0 |
| TOP OF THE 4TH |
|
Seattle (APP) Mariners batting - Pitching for Boston (APP) Red Sox : LHP Ryan Davis
|
|
Batting: LHB Yoshihisa Kobayashi
|
0-0: Called Strike 0-1: Fly out, F8 (Flyball, 89M, EV 92.5 MPH)
|
|
Batting: RHB Steve Carmichael
|
0-0: Foul Ball, location: 2F 0-1: Ball 1-1: Ball 2-1: Ball 3-1: Called Strike 3-2: DOUBLE (Groundball, 5L, EV 95.0 MPH)
|
|
Batting: LHB Garrett Dodge
|
0-0: Ball 1-0: Ball 2-0: Called Strike 2-1: Ball 3-1: Base on Balls
|
|
Batting: RHB Tristan Martin
|
0-0: Called Strike 0-1: Swinging Strike 0-2: Strikes out looking
|
|
Pitching: RHP Zinedine Lahlafi
|
|
|
Batting: RHB Carlton McDonald
|
0-0: Called Strike 0-1: SINGLE (Line Drive, 5D, EV 95.0 MPH) Steve Carmichael to third Garrett Dodge to second Runner from 3rd tries for Home, SAFE, throw by LF to home
|
|
Batting: RHB Caleb Dean
|
0-0: Hit by Pitch Garrett Dodge to third Carlton McDonald to second
|
|
Batting: RHB Ross Hallock
|
0-0: TRIPLE (Line Drive, 89XD, EV 108.8 MPH) Garrett Dodge scores Carlton McDonald scores Caleb Dean scores
|
|
Batting: RHB Rich Griffith
|
0-0: Called Strike 0-1: Called Strike 0-2: Fly out, F7 (Line Drive, 78S, EV 93.1 MPH)
|
| Top of the 4th over - 4 runs, 3 hits, 0 errors, 1 left on base; Seattle (APP) 5 - Boston (APP) 0 |
| BOTTOM OF THE 4TH |
|
Boston (APP) Red Sox batting - Pitching for Seattle (APP) Mariners : LHP Mike Roberts
|
|
Batting: RHB Kirk Cully
|
0-0: Called Strike 0-1: Ball 1-1: Called Strike 1-2: Ball 2-2: Fly out, F4 (Popup, 4, EV 57.5 MPH)
|
|
Batting: RHB Chris Zubia
|
0-0: Ball 1-0: Ball 2-0: Foul Ball, location: 2F 2-1: Ball 3-1: Called Strike 3-2: Base on Balls
|
|
Batting: RHB Ryan Davis
|
0-0: Ball 1-0: Ball 2-0: Swinging Strike 2-1: Ball 3-1: Called Strike 3-2: Foul Ball, location: 2F 3-2: Foul Ball, location: 2F 3-2: Foul Ball, location: 2F 3-2: Foul Ball, location: 2F 3-2: Fly out, F8 (Flyball, 8RD, EV 106.9 MPH)
|
|
Pitching: RHP Daniel Villalobos
|
|
|
Batting: RHB Luis Nino
|
0-0: Ball 1-0: Fielders Choice at 2nd, 5-4 (Groundball, 56, EV 85.0 MPH)
|
| Bottom of the 4th over - 0 runs, 0 hits, 0 errors, 1 left on base; Seattle (APP) 5 - Boston (APP) 0 |
| TOP OF THE 5TH |
|
Seattle (APP) Mariners batting - Pitching for Boston (APP) Red Sox : RHP Zinedine Lahlafi
|
|
Batting: RHB Eddie Luna
|
0-0: Called Strike 0-1: Swinging Strike 0-2: Foul Ball, location: 2F 0-2: Foul Ball, location: 2F 0-2: Strikes out looking
|
|
Batting: LHB Yoshihisa Kobayashi
|
0-0: Foul Ball, location: 2F 0-1: Ground out 5-3 (Groundball, 56, EV 100.0 MPH)
|
|
Batting: RHB Steve Carmichael
|
0-0: Ball 1-0: Called Strike 1-1: Ground out 6-3 (Groundball, 6, EV 96.2 MPH)
|
| Top of the 5th over - 0 runs, 0 hits, 0 errors, 0 left on base; Seattle (APP) 5 - Boston (APP) 0 |
| BOTTOM OF THE 5TH |
|
Boston (APP) Red Sox batting - Pitching for Seattle (APP) Mariners : RHP Daniel Villalobos
|
|
Batting: RHB Mo Tsang
|
0-0: Ball 1-0: Called Strike 1-1: Swinging Strike 1-2: Foul Ball, location: 2F 1-2: Ball 2-2: Strikes out swinging
|
|
Batting: LHB Kenny Jackson
|
0-0: Called Strike 0-1: Ball 1-1: Swinging Strike 1-2: Strikes out swinging
|
|
Batting: RHB Estevan Carrillo
|
0-0: Ball 1-0: Ball 2-0: Ball 3-0: Called Strike 3-1: Called Strike 3-2: Ground out 4-3 (Groundball, 4M, EV 107.5 MPH)
|
| Bottom of the 5th over - 0 runs, 0 hits, 0 errors, 0 left on base; Seattle (APP) 5 - Boston (APP) 0 |
| TOP OF THE 6TH |
|
Seattle (APP) Mariners batting - Pitching for Boston (APP) Red Sox : RHP Zinedine Lahlafi
|
|
Batting: LHB Garrett Dodge
|
0-0: Swinging Strike 0-1: Foul Ball, location: 2F 0-2: Ball 1-2: Strikes out swinging
|
|
Batting: RHB Tristan Martin
|
0-0: Called Strike 0-1: Ball 1-1: Ball 2-1: Called Strike 2-2: Ball 3-2: Strikes out swinging
|
|
Batting: RHB Carlton McDonald
|
0-0: Called Strike 0-1: Ball 1-1: Foul Ball, location: 2F 1-2: Ball 2-2: Ball 3-2: Fly out, F7 (Flyball, 78S, EV 74.4 MPH)
|
| Top of the 6th over - 0 runs, 0 hits, 0 errors, 0 left on base; Seattle (APP) 5 - Boston (APP) 0 |
| BOTTOM OF THE 6TH |
|
Boston (APP) Red Sox batting - Pitching for Seattle (APP) Mariners : RHP Daniel Villalobos
|
|
Batting: RHB Bob Reichley
|
0-0: Ball 1-0: Called Strike 1-1: Fly out, F8 (Flyball, 8LS, EV 86.2 MPH)
|
|
Batting: RHB Felix Rangel
|
0-0: Called Strike 0-1: Ball 1-1: Fly out, F8 (Flyball, 8RM, EV 82.5 MPH)
|
|
Batting: RHB Kirk Cully
|
0-0: Ball 1-0: Ball 2-0: Ball 3-0: Called Strike 3-1: Swinging Strike 3-2: Base on Balls
|
|
Batting: RHB Chris Zubia
|
0-0: Called Strike Kirk Cully steals 2nd base (no throw) 0-1: Ball 1-1: Ground out 6-3 (Groundball, 56, EV 98.8 MPH)
|
| Bottom of the 6th over - 0 runs, 0 hits, 0 errors, 1 left on base; Seattle (APP) 5 - Boston (APP) 0 |
| TOP OF THE 7TH |
|
Seattle (APP) Mariners batting - Pitching for Boston (APP) Red Sox : RHP Zinedine Lahlafi
|
|
Batting: RHB Caleb Dean
|
0-0: DOUBLE (Flyball, 78XD, EV 103.8 MPH)
|
|
Pitching: RHP Seb Lightfoot
|
|
|
Batting: RHB Ross Hallock
|
0-0: Called Strike 0-1: Swinging Strike 0-2: Strikes out swinging
|
|
Batting: RHB Rich Griffith
|
0-0: Hit by Pitch
|
|
Batting: RHB Eddie Luna
|
0-0: Fly out, F8 (Flyball, 78D, EV 76.9 MPH)
|
|
Batting: LHB Yoshihisa Kobayashi
|
0-0: Called Strike 0-1: Swinging Strike 0-2: Ball 1-2: Foul Ball, location: 2F 1-2: Strikes out swinging
|
| Top of the 7th over - 0 runs, 1 hit, 0 errors, 2 left on base; Seattle (APP) 5 - Boston (APP) 0 |
| BOTTOM OF THE 7TH |
|
Boston (APP) Red Sox batting - Pitching for Seattle (APP) Mariners : RHP Daniel Villalobos
|
|
Batting: RHB Ryan Davis
|
0-0: Ball 1-0: DOUBLE (Groundball, 5L, EV 100.6 MPH)
|
|
Pinch Hitting: SHB Jose Santiago
|
0-0: Ball 1-0: Foul Ball, location: 2F 1-1: Ball 2-1: Fly out, F7 (Line Drive, 7S, EV 95.0 MPH)
|
|
Batting: RHB Mo Tsang
|
0-0: Called Strike 0-1: Fly out, F8 (Line Drive, 78D, EV 94.4 MPH)
|
|
Batting: LHB Kenny Jackson
|
0-0: Ball 1-0: Ball 2-0: DOUBLE (Flyball, 78D, EV 96.9 MPH) Ryan Davis scores
|
|
Batting: RHB Estevan Carrillo
|
0-0: Called Strike 0-1: Ground out 6-3 (Groundball, 6, EV 85.0 MPH)
|
| Bottom of the 7th over - 1 run, 2 hits, 0 errors, 1 left on base; Seattle (APP) 5 - Boston (APP) 1 |
| TOP OF THE 8TH |
|
Seattle (APP) Mariners batting - Pitching for Boston (APP) Red Sox : RHP Seb Lightfoot
|
|
Now at 2B: Jose Santiago
|
|
|
Batting: RHB Steve Carmichael
|
0-0: Swinging Strike 0-1: Ball 1-1: DOUBLE (Groundball, 5L, EV 102.5 MPH)
|
|
Batting: LHB Garrett Dodge
|
0-0: Ball 1-0: Ball 2-0: Ground out 5-3 (Groundball, 56S, EV 81.9 MPH)
|
|
Batting: RHB Tristan Martin
|
0-0: Ball 1-0: Ground out 6-3 (Groundball, 6, EV 104.4 MPH)
|
|
Batting: RHB Carlton McDonald
|
0-0: Foul Ball, location: 2F 0-1: Ball 1-1: Ground out 5-3 (Groundball, 56S, EV 81.9 MPH)
|
| Top of the 8th over - 0 runs, 1 hit, 0 errors, 1 left on base; Seattle (APP) 5 - Boston (APP) 1 |
| BOTTOM OF THE 8TH |
|
Boston (APP) Red Sox batting - Pitching for Seattle (APP) Mariners : RHP Daniel Villalobos
|
|
Batting: RHB Bob Reichley
|
0-0: Ball 1-0: SINGLE (Groundball, 6MD, EV 96.2 MPH)
|
|
Pitching: RHP Domingo Maldonado
|
|
|
Batting: RHB Felix Rangel
|
0-0: Foul Ball, location: 2F 0-1: Ball 1-1: Swinging Strike 1-2: Grounds into double play, 4-6-3 (Groundball, 4, EV 88.1 MPH)
|
|
Batting: RHB Kirk Cully
|
0-0: Ball 1-0: Fly out, F7 (Line Drive, 78M, EV 86.9 MPH)
|
| Bottom of the 8th over - 0 runs, 1 hit, 0 errors, 0 left on base; Seattle (APP) 5 - Boston (APP) 1 |
| TOP OF THE 9TH |
|
Seattle (APP) Mariners batting - Pitching for Boston (APP) Red Sox : RHP Seb Lightfoot
|
|
Batting: RHB Caleb Dean
|
0-0: Called Strike 0-1: Called Strike 0-2: Foul Ball, location: 2F 0-2: Fly out, F2 (Popup, 23F, EV 76.2 MPH)
|
|
Batting: RHB Ross Hallock
|
0-0: Ground out 4-3 (Groundball, 4S, EV 62.5 MPH)
|
|
Batting: RHB Rich Griffith
|
0-0: Called Strike 0-1: Swinging Strike 0-2: Foul Ball, location: 2F 0-2: Strikes out swinging
|
| Top of the 9th over - 0 runs, 0 hits, 0 errors, 0 left on base; Seattle (APP) 5 - Boston (APP) 1 |
| BOTTOM OF THE 9TH |
|
Boston (APP) Red Sox batting - Pitching for Seattle (APP) Mariners : RHP Domingo Maldonado
|
|
Pitching: RHP Yen-nien Luo
|
|
|
Batting: RHB Chris Zubia
|
0-0: Swinging Strike 0-1: Foul Ball, location: 2F 0-2: Ball 1-2: Ball 2-2: SINGLE (Groundball, 4D, EV 108.8 MPH)
|
|
Batting: SHB Arihito Hiramoto
|
0-0: Called Strike 0-1: Ball 1-1: Foul Ball, location: 2F 1-2: Foul Ball, location: 2F 1-2: Strikes out swinging
|
|
Batting: SHB Jose Santiago
|
0-0: Fielders Choice at 2nd, 6-4 (Groundball, 6, EV 93.1 MPH)
|
|
Batting: RHB Mo Tsang
|
0-0: Foul Ball, location: 2F 0-1: Called Strike 0-2: Foul Ball, location: 2F 0-2: Strikes out swinging
|
| Bottom of the 9th over - 0 runs, 1 hit, 0 errors, 1 left on base; Seattle (APP) 5 - Boston (APP) 1 |
|